 Dungeon Crawl Stone Soup version 0.32-a0-918-g0f22ef8d61 (webtiles) character file.

Game seed: 12914961574981631187

3861 GeoRichter the Basher (level 10, -11/111 HPs)
             Began as an Oni Hexslinger on Apr 10, 2024.
             Mangled by a wyvern (17 damage)
             ... on level 9 of the Dungeon.
             The game lasted 00:15:32 (6333 turns).

GeoRichter the Basher (Oni Hexslinger)              Turns: 6333, Time: 00:15:33

Health: -11/111    AC:  5    Str: 18    XL:     10   Next: 18%
Magic:  11/11      EV:  9    Int: 14    God:
Gold:   425        SH:  0    Dex: 14    Spells: 11/11 levels left

rFire   . . .        s - +0 flail
rCold   . . .        (no shield)
rNeg    + + .        i - +2 robe {Will+}
rPois   +            (helmet restricted)
rElec   .            (no cloak)
rCorr   .            (gloves unavailable)
SInv    .            (boots unavailable)
Will    ++...        u - amulet of regeneration
Stlth   +            e - ring of positive energy
HPRegen 1.18/turn    q - ring "Jeremm" {rPois rN+ Dex+3}
MPRegen 0.12/turn

%: no passive effects
@: no status effects
A: large, unfitting armour, horns 1, tough skin 1, double potion healing,
drunken brawling
a: no special abilities


You were on level 9 of the Dungeon.
You visited 2 branches of the dungeon, and saw 10 of its levels.

You collected 425 gold pieces.

Inventory:

Hand Weapons
 s - a +0 flail (weapon)
   (You took it off an orc warrior on level 6 of the Dungeon)
 x - a +0 giant spiked club
   (You took it off an ogre on level 4 of the Dungeon)
Missiles
 d - 6 atropa-tipped darts
 h - 20 poisoned darts (quivered)
 w - 2 large rocks
Armour
 i - a +2 robe of willpower (worn)
   (You took it off Sigmund on level 2 of the Dungeon)
Jewellery
 e - a ring of positive energy (left hand)
   (You found it on level 2 of the Dungeon)
 q - the ring "Jeremm" (right hand) {rPois rN+ Dex+3}
   (You found it on level 3 of the Dungeon)

   [ring of poison resistance]

   Dex+3:     It affects your dexterity (+3).
   rPois:     It protects you from poison.
   rN+:       It protects you from negative energy.
 u - an amulet of regeneration (around neck)
   (You found it on level 4 of the Dungeon)
Wands
 y - a wand of warping (4)
   (You took it off a goblin on level 4 of the Dungeon)
 D - a wand of polymorph (10)
   (You found it on level 8 of the Dungeon)
Scrolls
 c - a scroll of amnesia {unknown}
 f - 2 scrolls of poison {!r}
 j - a scroll of enchant weapon {unknown}
 k - a scroll of teleportation {@r4}
 l - a scroll of fog {unknown}
 n - a scroll of silence {unknown}
 t - 2 scrolls of enchant armour {unknown}
 v - a scroll of revelation {unknown}
 z - a scroll of vulnerability {unknown}
 A - a scroll of immolation {unknown}
 C - a scroll of noise {unknown}
 E - a scroll of brand weapon {unknown}
Potions
 a - 3 potions of magic
 b - a potion of haste {unknown}
 g - 2 potions of brilliance
 m - a potion of attraction {unknown}
 o - a potion of lignification {!q}
 p - a potion of ambrosia {unknown}
 r - a potion of enlightenment {unknown}
 B - a potion of cancellation {unknown}
 F - a potion of might {unknown}


   Skills:
 + Level 10.9 Fighting
 * Level 11.1 Maces & Flails
 - Level 1.3 Ranged Weapons
 + Level 3.2 Throwing
 - Level 1.7 Dodging
 - Level 1.2 Spellcasting
 - Level 2.6 Hexes
 - Level 0.8 Fire Magic


You had 11 spell levels left.
You didn't know any spells.
Your spell library contained the following spells:

 Spells                   Type           Power      Damage    Failure   Level
 Jinxbite                 Hex            16%        N/A       13%         2
 Sigil of Binding         Hex            8%         N/A       26%         3
 Inner Flame              Hex/Fire       5%         N/A       36%         3
 Fugue of the Fallen      Necr           0%         N/A       61%         3
 Ozocubu's Armour         Ice            0%         N/A       61%         3
 Cause Fear               Hex            4%         N/A       65%         4
 Dimensional Bullseye     Hex/Tloc       2%         N/A       83%         4
 Manifold Assault         Tloc           0%         N/A       100%        7


Dungeon Overview and Level Annotations

Branches:
Dungeon (9/15) Zot: 26899  Temple (1/1) D:4 Zot: 5998
   Lair: D:8-11         Orc: D:9-12

Altars:
Ashenzari
Cheibriados
Dithmenos
Elyvilon
Fedhas
Gozag
Hepliaklqana
Kikubaaqudgha
Makhleb
Nemelex Xobeh
Qazlal
Ru
Sif Muna
Trog
Uskayaw
Vehumet
Wu Jian
Xom
Yredelemnul
Zin
The Shining One

Shops:
D:2 =


Innate Abilities, Weirdness & Mutations

You are too large for most types of armour.
You have a pair of small horns on your head.
You have tough skin. (AC +1)
You gain doubled healing and magic from potions.
Whenever you drink a healing potion, you attack all around you.


Message History

The yak gores you.
* * * LOW HITPOINT WARNING * * *
You hit the yak but do no damage. You headbutt the yak.
The yak is almost dead.
The yak gores you!
* * * LOW HITPOINT WARNING * * *
You barely miss the yak.
The yak is almost dead.
The yak gores you.
* * * LOW HITPOINT WARNING * * *
Okay, then.
Okay, then.
You thump the yak!
You kill the yak!
Okay, then.
As you read the scroll of teleportation {@r4}, it crumbles to dust.
You feel strangely unstable. The yak barely misses you.
Unknown command.
You barely miss the yak. The yak closely misses you.
You hit the yak.
The yak is lightly wounded.
The yak gores you!
* * * LOW HITPOINT WARNING * * *
You hit the yak. You headbutt the yak, but do no damage.
The yak is lightly wounded.
The yak barely misses you.
You sock the yak! You headbutt the yak, but do no damage.
The yak is heavily wounded.
Your surroundings suddenly seem different.
A wyvern comes into view.
Found a stone staircase leading down.
The wyvern hisses angrily.
You sock the wyvern!
The wyvern is moderately wounded.
The wyvern bites you but does no damage.
You hit the wyvern but do no damage.
The wyvern is moderately wounded.
The wyvern barely misses you.
You barely miss the wyvern. You headbutt the wyvern.
The wyvern is heavily wounded.
The wyvern completely misses you.
You hit the wyvern. Your headbutt misses the wyvern.
The wyvern is heavily wounded.
The wyvern bites you but does no damage.
The wyvern bites you!
* * * LOW HITPOINT WARNING * * *
You closely miss the wyvern.
The wyvern is heavily wounded.
The wyvern bites you!
You die...

############
#..........#
#...@k.....#
#...##.....#
#...##.....#
##.........#
#.........#
...##.....#
##..##.....#
#.>##.....#
#.........#


You could see a wyvern.

Vanquished Creatures
  Sigmund (D:2)
  7 yaks
  A water moccasin (D:8)
  An orc warrior (D:6)
  3 ice beasts
  2 sky beasts (D:6)
  2 ogres
  A centaur (D:5)
  A kobold brigand (D:9)
  4 bullfrogs
  3 scorpions
  A wight (D:6)
  6 killer bees
  2 bombardier beetles
  3 howler monkeys
  6 orc priests
  2 hounds
  A gnoll bouda (D:8)
  Jessica (D:2)
  An iguana (D:7)
  Natasha (thrice) (D:2)
  6 orc wizards
  4 adders
  5 gnolls (D:8)
  A white imp (D:7)
  2 dart slugs
  A ribbon worm (D:2)
  32 orcs
  11 ball pythons
  5 bats
  9 endoplasms
  6 giant cockroaches
  20 goblins
  7 hobgoblins
  12 jackals
  4 quokkas
  6 frilled lizards
  14 kobolds
  3 rats
200 creatures vanquished.

Notes
Turn   | Place    | Note
-------+----------+-------------------------------------------
     0 | D:1      | GeoRichter the Oni Hexslinger began the quest for the Orb.
     0 | D:1      | Reached XP level 1. HP: 19/19 MP: 2/2
   134 | D:1      | Reached XP level 2. HP: 29/29 MP: 3/3
   632 | D:1      | Reached XP level 3. HP: 33/37 MP: 4/4
   721 | D:2      | Reached skill level 1 in Maces & Flails
   754 | D:2      | Found Keleu's Jewellery Shoppe.
   807 | D:2      | Noticed Natasha
   816 | D:2      | Killed Natasha
   857 | D:2      | Noticed Natasha
   862 | D:2      | Killed Natasha
   863 | D:2      | Reached skill level 2 in Maces & Flails
   863 | D:2      | Reached XP level 4. HP: 39/48 MP: 5/5
   949 | D:2      | Noticed Jessica
   975 | D:2      | Killed Jessica
   976 | D:2      | Reached XP level 5. HP: 48/55 MP: 6/6
   992 | D:2      | Noticed Natasha
  1012 | D:2      | Killed Natasha
  1013 | D:2      | Reached skill level 3 in Maces & Flails
  1101 | D:2      | Noticed Sigmund
  1353 | D:2      | Killed Sigmund
  1354 | D:2      | Reached skill level 5 in Fighting
  1354 | D:2      | Reached skill level 4 in Maces & Flails
  1354 | D:2      | Reached XP level 6. HP: 17/66 MP: 7/7
  1833 | D:3      | Identified the ring "Jeremm" {rPois rN+ Dex+3}
  2529 | D:4      | Reached skill level 5 in Maces & Flails
  2531 | D:4      | Reached XP level 7. HP: 74/74 MP: 8/8
  2724 | D:4      | Reached skill level 6 in Maces & Flails
  2740 | D:4      | Found a blossoming altar of Fedhas.
  3003 | D:4      | Found a staircase to the Ecumenical Temple.
  3012 | Temple   | Entered the Ecumenical Temple
  3039 | D:4      | Found a snail-covered altar of Cheibriados.
  3078 | D:5      | Entered Level 5 of the Dungeon
  3117 | D:5      | Reached XP level 8. HP: 87/87 MP: 9/9
  3166 | D:5      | Reached skill level 7 in Maces & Flails
  3226 | D:5      | Found the +18 Lear's hauberk
  3298 | D:5      | Identified the ring of Zalyas {rF- Will+ rCorr Str+3 Dex-5}
  3704 | D:6      | Found a hide-covered altar of Uskayaw.
  3762 | D:6      | Found a hazy altar of Hepliaklqana.
  3771 | D:6      | Reached skill level 8 in Maces & Flails
  3774 | D:6      | Found a glowing silver altar of Zin.
  4047 | D:6      | Reached XP level 9. HP: 73/98 MP: 10/10
  4115 | D:6      | Reached skill level 9 in Maces & Flails
  4596 | D:7      | Found a sacrificial altar of Ru.
  4806 | D:7      | HP: 5/101 [poisoned by a killer bee]
  4811 | D:7      | HP: 3/101 [poisoned by a killer bee]
  5050 | D:7      | Found a burning altar of Makhleb.
  5247 | D:7      | Reached skill level 10 in Fighting
  5247 | D:7      | Reached skill level 10 in Maces & Flails
  5495 | D:8      | Reached skill level 1 in Throwing
  5866 | D:8      | Reached XP level 10. HP: 30/111 MP: 11/11
  6030 | D:8      | Found a sparkling altar of Nemelex Xobeh.
  6030 | D:8      | Found a glowing golden altar of the Shining One.
  6291 | D:9      | Reached skill level 11 in Maces & Flails
  6332 | D:9      | HP: 5/111 [wyvern (13)]
  6333 | D:9      | Mangled by a wyvern

Illustrated notes

Levels and vault maps discovered:
D:1:      wander_arrival_fairy_ring, layout_basic
D:2:      layout_rooms, serial_shops, shop, uniq_jessica, uniq_natasha,
          uniq_sigmund
D:3:      minmay_octagon_keep, layout_rooms
D:4:      layout_loops_ring, slow_altar_2, nicolae_overflow_hidden_temple,
          minmay_temple_entry_stoned_glass, minmay_ogre_servants
D:5:      layout_cave_pools, kb_lookout_dungeons_type, glass_columns_a
D:6:      layout_loops_ring, chequers_temple_overflow_statue_of_worship,
          mainiacjoe_overflow_boulevard, kennysheep_generic_room_12
D:7:      layout_rooms, kennysheep_mini, hangedman_ru_absence, bh_walls_and_bars
D:8:      nicolae_BIG_FREAKIN_CUBE, layout_rooms, gammafunk_temple_overflow_wave
D:9:      layout_gridville, okawaru_humans, minmay_lair_entry_grove,
          minmay_orc_entry_temple_small
Temple:   nicolae_temple_x_marks_the_god

Skill      XL: |  1  2  3  4  5  6  7  8  9 10 |
---------------+-------------------------------+-----
Fighting       | 2 3 4 5 7 9 10 | 10.9
Maces & Flails | 2 4 5 6 8 10 11 | 11.1
Throwing       | 2 3 |  3.2
Ranged Weapons | |  1.3
Dodging        | |  1.7
Spellcasting   | |  1.2
Hexes          | |  2.6
Fire Magic     | |  0.8

Action                     |  1- 3 |  4- 6 |  7- 9 | 10-12 || total
---------------------------+-------+-------+-------+-------++-------
  Melee: Quarterstaff      |    12 |    23 |       |       ||    35
         Headbutt          |     2 |     9 |    87 |    13 ||   111
         Dagger            |       |    18 |   182 |       ||   200
         Flail             |       |       |   231 |    56 ||   287
   Fire: Sling             |    86 |    39 |       |       ||   125
         Orcbow            |       |    98 |    23 |       ||   121
  Throw: Large rock        |       |       |     8 |       ||     8
         Dart              |       |       |     7 |       ||     7
  Evoke: Wand              |       |       |     2 |       ||     2
    Use: Scroll            |       |     4 |     4 |     1 ||     9
         Potion            |       |       |     3 |       ||     3
   Stab: Sleeping          |       |       |     4 |       ||     4
 Armour: Robe              |    33 |    82 |   345 |    35 ||   495
  Dodge: Dodged            |    18 |    66 |   213 |    15 ||   312

Table legend: (Time is in decaauts)
 A = Elapsed time spent in this place.
 B = Non-inter-level travel time spent in this place.
 C = Inter-level travel time spent in this place.
 D = Time resting spent in this place.
 E = Time spent auto-exploring this place.
 F = Levels seen in this place.
 G = Mean time per level.
                   A        B        C        D        E       F      G
               +--------+--------+--------+--------+--------+-----+--------+
         Total |   6415 |   6163 |    252 |    369 |   4098 |  10 |  641.5 |
       Dungeon |   6413 |   6161 |    252 |    369 |   4098 |   9 |  712.6 |
        Temple |      1 |      1 |      0 |      0 |      0 |   1 |    1.0 |
               +--------+--------+--------+--------+--------+-----+--------+

Top non-repeatable levels by time:
     D:2: 959 daAuts
     D:7: 955 daAuts
     D:6: 930 daAuts
     D:1: 785 daAuts
     D:4: 773 daAuts
     D:3: 650 daAuts
     D:5: 638 daAuts
     D:8: 629 daAuts
     D:9: 91 daAuts
  Temple: 1 daAuts
